 Dungeon Crawl Stone Soup version 0.22-a0-406-g9ff8d77 (webtiles) character file.

2902 zero the Arsonist (level 9, -8/50 HPs)
             Began as a Gargoyle Fire Elementalist on May 8, 2018.
             Was a Follower of Vehumet.
             Mangled by Prince Ribbit (14 damage)
             ... on level 8 of the Dungeon.
             The game lasted 00:20:11 (8950 turns).

zero the Arsonist (Gargoyle Fire Elementalist)      Turns: 8950, Time: 00:20:11

Health: -8/50      AC: 10    Str: 11    XL:     9   Next: 78%
Magic:  8/16       EV: 12    Int: 20    God:    Vehumet [*.....]
Gold:   297        SH:  0    Dex: 10    Spells: 3/18 levels left

rFire    . . .     SeeInvis .   r - +0 broad axe
rCold    . . .     Gourm    .   (no shield)
rNeg     + . .     Faith    .   a - +0 robe
rPois    ∞         Spirit   .   g - +0 helmet
rElec    +         Reflect  .   (no cloak)
rCorr    .         Harm     .   (no gloves)
MR       .....                  f - +0 pair of boots
Stlth    ++........             (no amulet)
HPRegen  0.16/turn              (no ring)
MPRegen  0.15/turn              o - ring of flight

@: no status effects
A: negative energy resistance 1, electricity resistance, unbreathing,
petrification resistance, rot immunity, AC +6
a: Renounce Religion, Evoke Flight


You were on level 8 of the Dungeon.
You worshipped Vehumet.
Vehumet was aware of your devotion.
You were not hungry.

You visited 2 branches of the dungeon, and saw 10 of its levels.

You collected 297 gold pieces.

Inventory:

Hand Weapons
 r - a +0 broad axe (weapon)
Armour
 a - a +0 robe (worn)
 f - a +0 pair of boots (worn)
 g - a +0 helmet (worn)
 j - a +0 buckler
Jewellery
 l - a cursed ring of teleportation {unknown}
 o - a ring of flight (right hand)
Wands
 w - a wand of iceblast (6)
Scrolls
 b - a scroll of enchant weapon
 h - 5 scrolls of identify
 i - a scroll of magic mapping
 k - a scroll of holy word {unknown}
 m - 4 scrolls of teleportation
 n - 2 scrolls of immolation {unknown}
 q - 2 scrolls of remove curse
 s - 2 scrolls of noise {unknown}
 t - a scroll of amnesia
Potions
 d - 2 potions of curing
 e - a potion of lignification
 p - a potion of agility
 u - 2 potions of degeneration {unknown}
 x - a potion of haste {unknown}
 z - a potion of heal wounds
Comestibles
 c - 8 rations


   Skills:
 - Level 3.0 Fighting
 - Level 3.0 Axes
 - Level 1.5 Dodging
 - Level 2.1 Stealth
 - Level 5.2 Shields
 - Level 5.0 Spellcasting
 + Level 7.5 Conjurations
 - Level 8.0 Fire Magic


You had 3 spell levels left.
You knew the following spells:

 Your Spells              Type           Power        Failure   Level  Hunger
a - Flame Tongue          Conj/Fire      #####        1%          1    None
b - Throw Flame           Conj/Fire      #####.       1%          2    None
c - Conjure Flame         Conj/Fire      #####...     1%          3    ##.....
d - Sticky Flame          Conj/Fire      #####...     4%          4    ####...
e - Fireball              Conj/Fire      #####.....   13%         5    #####..


Dungeon Overview and Level Annotations

Branches:
Dungeon (9/15)             Temple (1/1) D:5
   Lair: D:8-11         Orc: D:9-12

Altars:
Ashenzari
Elyvilon
Fedhas
Gozag
Hepliaklqana
Kikubaaqudgha
Nemelex Xobeh
Qazlal
Sif Muna
Trog
Uskayaw
Vehumet
Wu Jian
Xom
Yredelemnul
Lugonu

Annotations:
D:7 exclusion: downstairs
D:8 Prince Ribbit


Innate Abilities, Weirdness & Mutations

You are resistant to torment.
Your stone body is resilient. (AC +6)
You are immune to poison.
You resist negative energy. (rN+)
You are resistant to electric shocks. (rElec)
You can survive without breathing.
You are immune to petrification.
You are immune to rotting.


Message History

Press: ? - help, Shift-Dir - straight line, f/p - orc knight
Aim: an orc knight, wielding a dire flail and wearing a chain mail (heavily wounded)
The flame tongue hits the orc knight.
The orc knight is heavily wounded.
The orc knight zaps a wand.
The bolt of acid hits you!
You are splashed with acid!
The acid burns!
* * * LOW HITPOINT WARNING * * *
It is a wand of acid (4).
Casting: Flame Tongue (safe; 1% risk of failure)
Confirm with . or Enter, or press ? or * to list all spells.
You don't know that spell.
Found a glowing plate armour.
Okay, then.
Okay, then.
As you read the scroll of teleportation, it crumbles to dust.
You feel strangely unstable.
You start resting.
Your surroundings suddenly seem different.
Prince Ribbit hits you!
You die...

...
#'####...
#........
##......
......
#...#
##...#
#.<.F#
#..o@#
#....'....#
#....#....#
##.>.#....#
#...# ...#
#...# ...#
..... ..#
...... ..#


You could see Prince Ribbit and an orc (wandering).

Vanquished Creatures
  A troll (D:8)
  2 hippogriffs
  A wyvern (D:8)
  A hungry ghost (D:8)
  A water moccasin (D:8)
  An orc warrior (D:7)
  2 ice beasts (D:5)
  A sky beast (D:9)
  2 ogres
  2 phantoms
  4 bullfrogs
  2 scorpions
  3 crimson imps
  A quasit (D:8)
  A bullfrog zombie (D:5)
  5 hounds
  2 jellies
  An orc wizard (D:5)
  2 orc priests
  Jessica (D:2)
  An iguana (D:4)
  5 worker ants
  A hound zombie (D:5)
  2 worker ant zombies
  A howler monkey skeleton (D:4)
  6 adders
  A shadow imp (D:7)
  2 oozes (D:1)
  An adder zombie (D:8)
  4 worms
  2 dart slugs
  3 leopard geckos
  8 orcs
  2 ball pythons
  7 giant cockroaches
  6 hobgoblins
  20 jackals
  3 kobolds
  4 quokkas
  3 bats
  10 frilled lizards
  6 goblins
  A jackal zombie (D:8)
  7 rats
142 creatures vanquished.

Vanquished Creatures (others)
  A fungus (D:5)
  2 plants (D:5)
3 creatures vanquished.

Grand Total: 145 creatures vanquished

Notes
Turn   | Place    | Note
-------+----------+-------------------------------------------
     0 | D:1      | zero the Gargoyle Fire Elementalist began the quest for the Orb.
     0 | D:1      | Reached XP level 1. HP: 10/10 MP: 3/3
   275 | D:1      | Reached XP level 2. HP: 15/15 MP: 3/5
   844 | D:2      | Reached XP level 3. HP: 10/19 MP: 1/6
  1577 | D:2      | Reached skill level 1 in Shields
  1577 | D:2      | Reached XP level 4. HP: 23/24 MP: 1/8
  1593 | D:2      | Noticed Jessica
  1597 | D:2      | Killed Jessica
  1733 | D:2      | Found a blossoming altar of Fedhas.
  2060 | D:2      | Found a radiant altar of Vehumet.
  2060 | D:2      | Found a sparkling altar of Nemelex Xobeh.
  2127 | D:2      | Learned a level 2 spell: Throw Flame
  2131 | D:2      | Learned a level 3 spell: Conjure Flame
  2243 | D:3      | Reached XP level 5. HP: 23/28 MP: 9/9
  2537 | D:3      | Found a deep blue altar of Sif Muna.
  2668 | D:4      | Reached skill level 4 in Fire Magic
  2812 | D:4      | Noticed a phantom
  2859 | D:4      | Killed a phantom
  2859 | D:4      | Reached XP level 6. HP: 24/32 MP: 0/11
  3142 | D:4      | Learned a level 4 spell: Sticky Flame
  3473 | D:5      | Entered Level 5 of the Dungeon
  3602 | D:4      | Reached XP level 7. HP: 36/36 MP: 1/12
  4469 | D:5      | Reached skill level 1 in Fighting
  4469 | D:5      | Reached skill level 5 in Fire Magic
  4760 | D:5      | Reached skill level 1 in Axes
  5086 | D:5      | Found an ornate altar of the Wu Jian Council.
  5113 | D:5      | Found a shattered altar of Ashenzari.
  5117 | D:5      | Saw a vision of the Swamp and the Snake Pit.
  5117 | D:5      | Noticed a black mamba
  5117 | D:5      | Noticed an anaconda
  5117 | D:5      | Noticed a hornet
  5368 | D:5      | Found a staircase to the Ecumenical Temple.
  5399 | D:5      | Reached XP level 8. HP: 44/44 MP: 7/14
  5432 | Temple   | Entered the Ecumenical Temple
  5621 | D:2      | Became a worshipper of Vehumet
  6543 | D:8      | Noticed a troll
  6544 | D:8      | Noticed a hippogriff
  6544 | D:8      | Noticed a wyvern
  6552 | D:8      | Killed a hippogriff
  6552 | D:8      | Reached skill level 5 in Shields
  6552 | D:8      | Reached skill level 6 in Fire Magic
  6554 | D:8      | Noticed an orc knight
  6556 | D:8      | Noticed a manticore
  6792 | D:8      | Learned a level 5 spell: Fireball
  6911 | D:9      | Reached skill level 7 in Fire Magic
  6911 | D:9      | Reached XP level 9. HP: 50/50 MP: 10/15
  7174 | D:8      | Reached skill level 5 in Conjurations
  7256 | D:7      | Reached * piety under Vehumet
  7256 | D:7      | Offered knowledge of Sting by Vehumet.
  7534 | D:7      | Found an opulent altar of Gozag.
  7566 | D:7      | Reached skill level 5 in Spellcasting
  8105 | D:7      | Reached skill level 8 in Fire Magic
  8427 | D:8      | Noticed Prince Ribbit
  8431 | D:8      | Noticed a two-headed ogre
  8701 | D:8      | Killed a troll
  8950 | D:8      | Mangled by Prince Ribbit

Vault maps used:
D:1:      co_arrival_random_square_maze
D:2:      fedhas_altar_1, gammafunk_temple_overflow_wave, uniq_jessica
D:3:      led_sif_pool
D:4:      minmay_opposing_rooms
D:5:      overflow_temple_1_default, temple_statues, first_ration,
          kennysheep_cross_room, grunt_ashenzari_visionary
D:6:      hangedman_ru_absence, nicolae_tso_swordbearing_angel, slow_altar_1,
          lemuel_crystal_altar, bloody_makhleb, serial_shops,
          nicolae_shop_statue_plus, hangedman_decor_slide_cut,
          nemelex_diamond_rough_becter
D:7:      nicolae_gozag_cash_rules_everything_around_me
D:8:      minmay_blocky_corners, special_room, uniq_prince_ribbit1
D:9:      nicolae_overflow_hidden_temple, orc_david_3, serial_shops,
          nicolae_shop_stone, bh_circular_ruins, uniq_gastronok, uniq_maurice
Temple:   kb_corrupted_temple

Skill      XL: |  1  2  3  4  5  6  7  8  9 |
---------------+----------------------------+-----
Conjurations   | 2 3 4 7 |  7.5
Shields        | 1 2 3 4 5 |  5.2
Spellcasting   | 3 4 5 |  5.0
Fire Magic     | 4 5 7 8 |  8.0
Fighting       | 2 3 |  3.0
Axes           | 1 3 |  3.0
Dodging        | |  1.5
Stealth        | |  2.1

Action                   |  1- 3 |  4- 6 |  7- 9 || total
-------------------------+-------+-------+-------++-------
Melee: Short sword       |    11 |       |       ||    11
       Spear             |    44 |    35 |       ||    79
       War axe           |       |    85 |     9 ||    94
       Broad axe         |       |       |   259 ||   259
 Cast: Flame Tongue      |    35 |    37 |    89 ||   161
       Throw Flame       |       |    17 |    45 ||    62
       Sticky Flame      |       |     2 |     9 ||    11
       Conjure Flame     |       |     1 |     7 ||     8
  Use: Scroll            |       |    11 |     2 ||    13
       Potion            |       |       |     1 ||     1
 Stab: Sleeping          |       |       |     3 ||     3
  Eat: Chunk             |     2 |     5 |    10 ||    17
       Ration            |       |     1 |     5 ||     6
Armor: Robe              |    31 |    80 |   252 ||   363
Dodge: Dodged            |    65 |   104 |   371 ||   540

Table legend:
 A = Spawn XP
 B = Non-spawn XP
 C = Spawn XP percentage of total XP
 D = Spawn monster count
 E = Non-spawn monster count
 F = Spawn count percentage of total count
 G = Total turns spent on level
                    A         B        C        D         E        F      G
               +---------+---------+-------+---------+---------+-------+---------
         Total |       0 |    4146 |   0.0 |       0 |     142 |   0.0 |  8950
               +---------+---------+-------+---------+---------+-------+---------
           D:1 |       0 |      32 |   0.0 |       0 |      13 |   0.0 |   827
           D:2 |       0 |     111 |   0.0 |       0 |      22 |   0.0 |  1317
           D:3 |       0 |      44 |   0.0 |       0 |      17 |   0.0 |   593
           D:4 |       0 |     538 |   0.0 |       0 |      24 |   0.0 |  1597
           D:5 |       0 |     728 |   0.0 |       0 |      22 |   0.0 |  1935
           D:6 |       0 |      97 |   0.0 |       0 |       1 |   0.0 |   103
           D:7 |       0 |    1016 |   0.0 |       0 |      24 |   0.0 |  1370
           D:8 |       0 |    1405 |   0.0 |       0 |      17 |   0.0 |  1091
           D:9 |       0 |     175 |   0.0 |       0 |       2 |   0.0 |    15
               +---------+---------+-------+---------+---------+-------+---------
